Map: Thunderbird LE

Players

Cyanine - Winner!

  • Race: Terran Terran
  • League: Master
  • Spawn Location: 11:00

A.I. 1 (Very Easy)

  • Race: Zerg Zerg
  • Spawn Location: 5:00

VOD

Have the link to the VOD?

Description

Time

  • Played on: Nov. 10, 2019, 10:20 a.m.
  • Length: 25:21
Show
View Real Time Build Order
Export as new Build Order

Cyanine Terran - Winner!

Build Orders: Reaper Expand 

Get SALT Encoding   

  12  0:00  SCV  
  13  0:12  SCV  
  14  0:17  Supply Depot  
  14  0:24  SCV  
  15  0:39  SCV  
  15  0:40  Barracks  
  16  0:47  Refinery  
  16  0:51  SCV  
  17  1:03  SCV  
  18  1:15  SCV  
  19  1:27  Orbital Command  
  19  1:30  Reaper  
  20  1:38  Command Center  
  20  1:49  Supply Depot  
  20  1:53  SCV  
  21  2:02  Marine  
  21  2:06  SCV  
  21  2:07  Factory  
  23  2:17  Barracks  
  23  2:18  SCV  
  24  2:23  Marine  
  25  2:30  SCV  
  26  2:42  SCV  
  27  2:45  Barracks Reactor  
  27  2:51  Orbital Command  
  27  2:56  Command Center  
  27  2:58  SCV  
  28  3:04  Hellion  
  30  3:10  SCV  
  30  3:11  Barracks Reactor  
  31  3:17  SCV  
  32  3:22  SCV  
  33  3:30  Barracks Tech Lab  
  33  3:32  Hellion x2  
  37  3:35  SCV x2  
  39  3:47  SCV x2  
  41  3:49  Stimpack  
  41  3:54  Hellion x2  
  45  3:59  SCV  
  46  4:08  SCV  
  46  4:09  Refinery  
  47  4:10  Refinery, Orbital Command  
  47  4:13  SCV  
  48  4:17  Marine x3, Starport  
  48  4:18  Supply Depot  
  48  4:20  SCV  
  52  4:25  SCV  
  52  4:27  Supply Depot  
  53  4:32  SCV  
  53  4:33  Orbital Command  
  53  4:35  Marine x3  
  53  4:38  SCV  
  58  4:44  SCV  
  59  4:50  SCV, Supply Depot  
  59  4:51  Supply Depot  
  60  4:53  Marine x3  
  60  4:56  SCV  
  60  4:58  Medivac x2  
  68  5:02  SCV, Armory  
  68  5:05  Refinery, SCV  
  70  5:08  SCV  
  70  5:10  Marine  
  70  5:11  Marine x2  
  70  5:13  Supply Depot  
  74  5:16  SCV, Supply Depot  
  74  5:18  SCV  
  74  5:20  SCV  
  77  5:28  SCV, Engineering Bay x2  
  78  5:37  Marine x3  
  78  5:38  Combat Shield  
  78  5:40  SCV x2  
  83  5:44  Factory Reactor, Barracks  
  83  5:45  Barracks  
  83  5:46  Barracks  
  83  5:49  Starport Reactor  
  83  5:53  SCV x3  
  83  5:55  Refinery  
  86  5:57  Refinery  
  86  5:59  Terran Infantry Armor Level 1, Terran Infantry Weapons Level 1  
  86  6:02  Marine x2  
  86  6:03  Marine  
  89  6:05  SCV  
  87  6:14  SCV  
  87  6:16  Supply Depot  
  87  6:17  SCV  
  90  6:20  Marine x2  
  92  6:26  SCV  
  92  6:29  SCV  
  92  6:32  Factory Tech Lab  
  94  6:34  Marine  
  94  6:35  Marine x2, SCV  
  94  6:38  Marine x2, SCV  
  100  6:41  Starport Reactor, SCV  
  100  6:43  Command Center  
  100  6:44  Marine x3  
  100  6:45  Marine, Supply Depot  
  100  6:47  SCV, Supply Depot  
  105  6:50  Siege Tank, SCV  
  105  6:52  Factory  
  105  6:53  SCV  
  111  7:00  SCV  
  111  7:02  SCV, Terran Vehicle And Ship Armor Level 1  
  111  7:05  SCV  
  111  7:06  Marine x7  
  111  7:07  Marine, Marauder  
  123  7:09  Supply Depot  
  123  7:12  Supply Depot  
  123  7:17  Barracks  
  123  7:18  Medivac x2, Barracks  
  123  7:20  Barracks  
  128  7:22  SCV  
  128  7:23  SCV  
  128  7:25  Supply Depot  
  128  7:27  Supply Depot  
  129  7:31  Marine, Supply Depot  
  129  7:32  Marine, Marauder  
  129  7:33  Marine  
  129  7:35  Marine x2  
  129  7:36  Supply Depot  
  136  7:37  Factory Tech Lab  
  136  7:39  Siege Tank  
  139  7:47  Marine x2  
  139  7:48  Concussive Shells  
  139  7:49  Medivac x2  
  145  7:53  Terran Infantry Armor Level 2, Terran Infantry Weapons Level 2  
  145  8:01  SCV x3  
  145  8:03  Marine  
  145  8:04  Marine x5  
  154  8:06  Barracks Tech Lab x2  
  154  8:08  Barracks Tech Lab  
  154  8:11  Siege Tank  
  157  8:13  SCV  
  157  8:14  Siege Tank  
  157  8:19  Medivac x2  
  165  8:22  SCV x2  
  165  8:23  Refinery  
  165  8:25  Planetary Fortress  
  165  8:26  Refinery  
  167  8:27  Marine x5  
  167  8:28  Marine x2  
  167  8:29  Marine  
  167  8:33  Marauder  
  167  8:34  Marauder  
  179  8:35  Marauder  
  179  8:37  Marauder  
  183  8:46  Siege Tank  
  186  8:55  Marauder x2  
  190  8:57  Command Center, Marauder  
  190  8:58  Marauder  
  194  9:05  Fusion Core, Starport x2  
  194  9:09  Ghost Academy  
  194  9:18  Command Center  
  194  9:19  Command Center  
  194  9:25  Command Center  
  194  9:28  Command Center  
  194  9:36  Medivac  
  194  9:37  Supply Depot  
  196  9:45  Terran Vehicle And Ship Armor Level 2  
  196  9:51  Sensor Tower  
  196  9:54  Missile Turret  
  196  9:55  Missile Turret  
  196  9:59  Siege Tank, Sensor Tower  
  199  10:07  Marine  
  199  10:09  Terran Infantry Weapons Level 3, Terran Infantry Armor Level 3  
  200  10:22  Starport Reactor, Starport Tech Lab  
  200  10:29  Starport  
  200  10:31  Starport  
  200  10:35  Command Center  
  200  10:39  Command Center  
  200  10:44  Advanced Ballistics  
  200  10:48  Orbital Command  
  200  10:50  Planetary Fortress  
  200  10:52  Orbital Command x2  
  200  11:03  Command Center  
  200  11:04  Sensor Tower  
  200  11:23  Starport Reactor x2  
  200  11:31  Command Center  
  200  11:32  Missile Turret, Command Center  
  200  11:33  Missile Turret  
  200  11:41  Planetary Fortress  
  200  11:54  Command Center  
  200  11:56  Refinery  
  200  11:57  Refinery, Command Center  
  200  12:02  Command Center, Corvid Reactor  
  200  12:03  Command Center  
  200  12:04  Drilling Claws  
  200  12:12  Orbital Command  
  200  12:19  Command Center  
  200  12:22  Command Center  
  200  12:24  Ghost Academy  
  200  12:31  Smart Servos  
  200  12:50  Ghost Academy x3  
  200  12:51  Ghost Academy  
  200  12:52  Hi-Sec Auto Tracking, Neosteel Armor  
  200  12:55  Ghost Academy  
  200  12:57  Ghost Academy  
  200  13:00  Armory  
  200  13:01  Terran Vehicle And Ship Armor Level 3  
  200  13:11  Personal Cloaking  
  200  13:16  Orbital Command x2  
  200  13:18  Planetary Fortress  
  200  13:23  Missile Turret, Command Center  
  200  13:25  Missile Turret  
  200  13:27  Planetary Fortress  
  200  13:28  Planetary Fortress  
  200  13:34  Enhanced Shockwaves  
  200  13:37  Missile Turret, Command Center  
  200  13:40  Missile Turret  
  200  13:42  Sensor Tower  
  200  14:04  Missile Turret, Command Center  
  200  14:13  Missile Turret x2  
  200  14:16  Missile Turret  
  200  14:17  Command Center  
  200  14:20  Missile Turret  
  200  14:24  Missile Turret  
  200  14:25  Planetary Fortress, Orbital Command  
  200  14:28  Refinery  
  200  14:29  Refinery  
  200  14:41  Planetary Fortress  
  200  14:43  Planetary Fortress  
  200  15:05  Command Center  
  200  15:08  Command Center  
  200  15:09  Missile Turret  
  200  15:10  Missile Turret  
  200  15:11  Missile Turret x2  
  200  15:17  Planetary Fortress x2  
  200  15:23  Missile Turret, Unknown  
  200  15:24  Unknown  
  200  15:27  Missile Turret  
  200  15:31  Missile Turret  
  200  15:32  Sensor Tower  
  200  15:35  Sensor Tower  
  200  16:15  Missile Turret x2  
  200  16:17  Missile Turret x2  
  200  16:18  Missile Turret  
  200  16:27  Command Center  
  200  16:29  Missile Turret x2  
  200  16:30  Missile Turret  
  200  17:29  Planetary Fortress, Command Center  
  200  17:30  Missile Turret  
  200  17:36  Bunker  
  200  17:38  Missile Turret  
  200  18:08  Planetary Fortress  
  200  18:19  Planetary Fortress x2  
  200  18:24  Refinery  
  200  18:25  Refinery  
  200  18:39  Sensor Tower  
  200  18:40  Command Center  
  200  18:44  Command Center  
  200  18:47  Terran Ship Weapons Level 1  
  200  18:58  Ghost Academy  
  200  18:59  Ghost Academy  
  200  19:00  Ghost Academy  
  199  19:06  Command Center  
  199  19:08  Command Center  
  199  19:09  Command Center  
  198  19:10  Command Center  
  198  19:54  Planetary Fortress  
  198  19:58  Planetary Fortress  
  198  20:01  Unknown x2  
  198  20:06  Planetary Fortress  
  198  20:19  Sensor Tower  
  197  20:25  Orbital Command x2  
  197  20:27  Sensor Tower  
  197  20:30  Orbital Command  
  197  20:36  Orbital Command x2  
  197  20:45  SCV  
  198  20:57  SCV  
  198  20:58  SCV  
  198  24:59  Missile Turret  
  198  25:00  Missile Turret x2  
  198  25:02  Missile Turret x2  
  198  25:03  Missile Turret  
Show
View Real Time Build Order
Export as new Build Order

A.I. 1 (Very Easy) Zerg 

Build Orders: Hatch First 

Get SALT Encoding   

  12  0:01  Drone  
  13  0:12  Overlord  
  13  0:16  Drone  
  14  0:42  Hatchery  
  13  0:45  Drone  
  14  1:03  Spawning Pool  
  13  1:04  Extractor  
  13  1:07  Drone  
  13  1:14  Drone  
  14  1:20  Overlord  
  14  1:50  Zergling x2  
  14  1:51  Zergling x2  
  14  1:52  Queen  
  18  2:01  Roach Warren  
  18  2:05  Drone  
  18  2:10  Extractor  
  18  2:13  Drone  
  18  2:17  Zergling x2  
  18  2:22  Drone  
  20  2:29  Drone  
  21  2:36  Drone  
  21  2:44  Drone  
  22  2:51  Drone  
  23  2:58  Drone  
  24  3:05  Roach, Drone  
  28  3:12  Drone  
  28  3:15  Overlord  
  29  3:20  Drone  
  30  3:27  Drone  
  30  3:32  Lair  
  31  3:34  Drone  
  31  3:44  Drone  
  32  3:52  Drone  
  32  3:53  Roach  
  35  3:59  Drone  
  35  4:00  Overlord  
  36  4:06  Drone  
  37  4:13  Drone  
  38  4:20  Drone  
  39  4:27  Drone  
  39  4:30  Overseer  
  40  4:32  Overseer  
  40  4:35  Drone  
  41  4:40  Ravager  
  41  4:41  Roach  
  41  4:42  Drone  
  41  4:43  Extractor, Overlord  
  44  4:49  Drone  
  45  4:56  Drone  
  46  5:00  Extractor  
  46  5:03  Drone  
  46  5:11  Drone  
  47  5:18  Drone  
  48  5:25  Drone  
  49  5:32  Drone  
  50  5:40  Drone  
  51  6:04  Zergling x2  
  43  6:11  Queen  
  43  6:12  Overseer, Overlord  
  43  6:22  Drone  
  41  6:29  Drone  
  36  6:36  Drone  
  34  6:43  Drone  
  33  6:51  Drone  
  33  6:58  Zergling x2  
  33  7:09  Drone  
  33  7:12  Hatchery  
  33  7:18  Drone  
  34  7:26  Drone  
  35  7:33  Drone  
  35  7:40  Drone  
  35  7:46  Zergling x2  
  35  7:47  Drone  
  37  7:58  Drone  
  37  8:05  Drone  
  37  8:08  Overseer, Overlord  
  37  8:12  Drone  
  38  8:19  Drone  
  39  8:26  Drone  
  40  8:33  Drone  
  43  8:34  Roach  
  43  8:35  Overseer  
  43  8:36  Overlord  
  43  8:44  Drone  
  44  8:54  Drone  
  44  8:55  Overlord  
  45  9:03  Drone  
  46  9:10  Overseer  
  46  9:14  Overlord  
  46  9:22  Roach, Ravager  
  49  9:39  Overseer  
  49  9:40  Overlord x2  
  49  10:03  Overseer  
  48  10:10  Roach  
  50  10:17  Hatchery, Drone  
  50  10:29  Extractor  
  50  10:30  Drone  
  50  10:42  Extractor, Drone  
  50  10:51  Drone  
  51  11:04  Pneumatized Carapace  
  51  11:06  Overseer, Overlord x2  
  51  11:07  Spire  
  51  11:10  Drone  
  51  11:13  Zergling x2  
  43  11:30  Zergling x2  
  44  12:18  Mutalisk  
  46  12:34  Mutalisk  
  46  12:51  Mutalisk  
  48  13:08  Zergling x2  
  49  13:25  Zergling x2  
  50  14:11  Overseer  
  50  14:33  Hatchery, Zergling x2  
  50  14:35  Drone  
  50  14:38  Overseer  
  43  14:39  Overlord x2  
  43  14:49  Mutalisk  
  45  15:06  Zergling x2  
  46  15:12  Overlord  
  45  15:17  Mutalisk  
  47  15:28  Mutalisk  
  49  15:40  Zergling x2  
  50  15:52  Roach  
  50  15:54  Extractor  
  52  15:57  Drone  
  52  15:59  Extractor  
  52  16:03  Roach  
  54  16:04  Drone  
  54  16:15  Roach  
  54  16:17  Hydralisk Den  
  54  16:18  Drone  
  56  16:27  Roach  
  58  16:40  Infestation Pit  
  58  16:43  Drone  
  58  16:48  Hydralisk  
  60  17:00  Hydralisk  
  62  17:19  Infestor  
  64  18:58  Overseer  
  64  19:00  Hive, Overlord  
  64  19:02  Zergling x2  
  43  19:26  Hydralisk  
  45  19:56  Overseer  
  45  19:57  Overlord  
  45  20:17  Ultralisk Cavern  
  45  20:18  Drone  
  45  20:19  Zergling x2  
  43  20:42  Hydralisk  
  45  21:07  Ultralisk  
  51  21:31  Drone  
  51  21:32  Ultralisk  
  56  21:39  Drone  
  55  21:48  Drone  
  54  21:57  Zergling x2, Drone  
  55  22:06  Drone  
  55  22:15  Drone  
  49  22:21  Hydralisk  
  43  22:30  Drone  
  44  22:43  Drone  
  34  22:46  Ultralisk  
  34  22:50  Drone  
  40  22:58  Drone  
  39  23:05  Drone  
  36  23:10  Ultralisk  
  36  23:12  Drone  
  38  23:16  Queen  
  38  23:17  Overlord  
  37  23:20  Drone  
  35  23:27  Drone  
  28  23:34  Drone  
  28  23:36  Hatchery  
  28  23:37  Infestor  
  28  23:41  Drone  
  28  23:48  Extractor  
  27  23:49  Drone  
  28  23:56  Drone  
  28  24:00  Extractor  
  27  24:06  Hydralisk  
  15  24:18  Drone  
Tags
 
Add a new tag
Caveats
  • Supply blocks, unpowered buildings, or Contaminate may cause inaccurate times.
  • Supply counts are checked every 10 seconds.